 Dungeon Crawl Stone Soup version 0.31.0-11-ge490571c62 (webtiles) character file.

Game seed: 16541688771495319642

9 Aviak the Firebug (level 2, 19/19 HPs)
             Began as a Demonspawn Fire Elementalist on Jan 26, 2024.
             Quit the game on level 1 of the Dungeon.
             The game lasted 00:00:41 (424 turns).

Aviak the Firebug (Demonspawn Fire Elementalist)     Turns: 424, Time: 00:00:41

Health: 19/19      AC:  2    Str:  8    XL:     2   Next: 6%
Magic:  0/5        EV: 12    Int: 15    God:
Gold:   21         SH:  0    Dex: 13    Spells: 4/5 levels left

rFire   . . .        (no weapon)
rCold   . . .        (no shield)
rNeg    . . .        a - +0 robe
rPois   .            (no helmet)
rElec   .            (no cloak)
rCorr   .            (no gloves)
SInv    .            (no boots)
Will    .....        (no amulet)
Stlth   ++           (no ring)
HPRegen 0.23/turn    (no ring)
MPRegen 0.09/turn

%: no passive effects
@: no status effects
A: ignite blood 1
a: no special abilities


You were on level 1 of the Dungeon.
You visited 1 branch of the dungeon, and saw 1 of its levels.

You collected 21 gold pieces.

Inventory:

Armour
 a - a +0 robe (worn)
Scrolls
 c - a scroll of noise {unknown}
 d - a scroll of poison {unknown}
Potions
 b - a potion of magic


   Skills:
 + Level 2.0 Dodging
 - Level 1.7 Stealth
 + Level 2.2 Spellcasting
 + Level 1.3 Conjurations
 + Level 2.8 Fire Magic


You had 4 spell levels left.
You knew the following spells:

 Your Spells              Type           Power      Damage    Failure   Level
a - Foxfire               Conj/Fire      28%        2x1d5     10%         1

Your spell library contained the following spells:

 Spells                   Type           Power      Damage    Failure   Level
 Scorch                   Fire           20%        2d5       10%         2
 Inner Flame              Hex/Fire       5%         N/A       36%         3
 Volatile Blastmotes      Fire/Tloc      10%        2d10      36%         3
 Flame Wave               Conj/Fire      7%         2d5       67%         4


Dungeon Overview and Level Annotations

Branches:
Dungeon (1/15)

Altars:


Innate Abilities, Weirdness & Mutations

Your demonic aura sometimes causes spilled blood to erupt in flames.


Message History

The foxfire hits the hobgoblin.
The hobgoblin is heavily wounded.
The hobgoblin barely misses you.
You conjure some foxfire!
The hobgoblin closely misses you.
You hit the hobgoblin but do no damage.
The hobgoblin is heavily wounded.
The foxfire hits the hobgoblin.
You kill the hobgoblin!
Your foxfire dissipates!
A quokka comes into view.
The quokka closely misses you.
You conjure some foxfire!
The quokka bites you.
Your foxfire dissipates!
The foxfire hits the quokka.
The quokka is almost dead.
You conjure some foxfire!
The quokka bites you.
The quokka bites you but does no damage.
You hit the quokka.
You kill the quokka!
Your Dodging skill increases to level 2!
Your foxfire dissipates!
HP restored.
You see here a quokka corpse.
An endoplasm comes into view.
An endoplasm is nearby!
A frilled lizard comes into view.
The frilled lizard hisses angrily.
The frilled lizard moves out of view.
You conjure some foxfire!
The endoplasm quivers.
You conjure some foxfire!
The foxfire hits the endoplasm.
The endoplasm is severely wounded.
You conjure some foxfire!
The foxfire hits the endoplasm.
You kill the endoplasm!
The foxfire hits the frilled lizard.
You kill the frilled lizard!
You have reached level 2!
Your demonic ancestry asserts itself...
Your blood heats up.
Are you sure you want to abandon this character and quit the game? (Confirm with "yes".)

### #. ....# #.##
####.#.# #... #....#.#
#### #....#.#
.#....#.###############
.......................
######§v#########.#####
#....§@v....# #.#####
#....#§.###.# #.##..♣
#.......§v #^..#♣.
#........#.. ######.
.........## .# ♣.
###....#.# # ♣<
##.###.# #♣ .. ..


There were no monsters in sight!

Vanquished Creatures
  An endoplasm (D:1)
  2 giant cockroaches (D:1)
  2 hobgoblins (D:1)
  A quokka (D:1)
  2 frilled lizards (D:1)
8 creatures vanquished.

Vanquished Creatures (others)
  18 foxfires (D:1)
18 creatures vanquished.

Grand Total: 26 creatures vanquished

Notes
Turn   | Place    | Note
-------+----------+-------------------------------------------
     0 | D:1      | Aviak the Demonspawn Fire Elementalist began the quest for
                  | the Orb.
     0 | D:1      | Reached XP level 1. HP: 13/13 MP: 3/3
   424 | D:1      | Gained mutation: Your demonic aura sometimes causes spilled
                  | blood to erupt in flames. [demonic ancestry]
   424 | D:1      | Reached XP level 2. HP: 19/19 MP: 0/5
   424 | D:1      | Quit the game

Illustrated notes

Levels and vault maps discovered:
D:1:      pf_arrival_petrified_forest, layout_basic

Skill      XL: |  1 |
---------------+----+-----
Dodging        | 2 |  2.0
Stealth        | |  1.7
Spellcasting   | |  2.2
Conjurations   | |  1.3
Fire Magic     | |  2.8

Action                     || total
---------------------------++-------
  Melee: Unarmed           ||     3
   Cast: Foxfire           ||    12
 Armour: Robe              ||     3
  Dodge: Dodged            ||     6
